[Event "9th Amsterdam Science Park A 2019"]
[Site "Amsterdam"]
[Date "2019.07.09"]
[Round "4.6"]
[White "De Groote, Ewoud"]
[Black "Baarslag, Ed"]
[Result "1-0"]
[ECO "B18"]
[WhiteElo "2225"]
[BlackElo "2220"]
[Annotator "NA"]
[PlyCount "67"]
[EventDate "2019.07.06"]
[EventType "swiss"]
[EventCountry "NED"]
[SourceTitle "playchess.com"]
[Source "ChessBase"]
[SourceQuality "1"]
[TimeControl "40/5400+30:1800+30"]

1. e4 c6 2. d4 d5 3. Nd2 dxe4 4. Nxe4 Bf5 5. Ng3 Bg6 6. h4 h6 7. Nf3 e6 8. h5 Bh7 9. Bd3 Bxd3 10. Qxd3 Nf6 11. Bd2 Be7 12. O-O-O O-O 13. Kb1 c5 14. Ne4 Nc6 15. Nxf6+ Bxf6 16. dxc5 Qxd3 17. cxd3 Rfd8 18. Bf4 e5 19. Be3 Rd5 20. Nd2 Be7 21. g4 f6 22. Ne4 Rc8 23. a3 a5 24. Rd2 Nd4 25. Bxd4 Rxd4 26. Rc1 Kf7 27. Rc4 Ke6 28. Rxd4 exd4 29. Rc2 Kd5 30. b4 a4 31. Ng3 Bd8 32. Nf5 Rc7 33. Rc4 b6 34. Rxd4+ 1-0

[Event "9th Amsterdam Science Park A 2019"]
[Site "Amsterdam"]
[Date "2019.07.09"]
[Round "4.7"]
[White "Smirnova, Ekaterina"]
[Black "De Rover, Yong Hoon"]
[Result "1-0"]
[ECO "D43"]
[WhiteElo "2184"]
[BlackElo "2391"]
[Annotator "NA"]
[PlyCount "117"]
[EventDate "2019.07.06"]
[EventType "swiss"]
[EventCountry "NED"]
[SourceTitle "playchess.com"]
[Source "ChessBase"]
[SourceQuality "1"]
[TimeControl "40/5400+30:1800+30"]

1. d4 Nf6 2. c4 e6 3. Nf3 d5 4. Nc3 c6 5. cxd5 exd5 6. Bg5 h6 7. Bh4 Nbd7 8. e3 g5 9. Bg3 Nh5 10. Bd3 Nxg3 11. hxg3 Bg7 12. Bc2 Qe7 13. Qd3 Nb6 14. O-O-O Be6 15. Nd2 O-O-O 16. Nb3 Kb8 17. Nc5 Bc8 18. Kb1 f5 19. b3 h5 20. a4 Nd7 21. Nxd7+ Bxd7 22. Ka2 Qd6 23. Qe2 Qg6 24. Rh2 Be8 25. Qd3 Rf8 26. Ne2 Qd6 27. Rhh1 Bf6 28. Rb1 Be7 29. b4 Ka8 30. Qb3 Rc8 31. Bd3 Qf6 32. Rhc1 Bf7 33. a5 a6 34. Qc2 Be6 35. Nc3 f4 36. Na4 Rcd8 37. Bxa6 Bf5 38. Bd3 Bxd3 39. Qxd3 fxg3 40. fxg3 Qd6 41. Rb2 Rf6 42. Nb6+ Ka7 43. b5 Qxg3 44. bxc6 bxc6 45. Qb3 Qb8 46. Qa4 Qc7 47. Rbc2 Rdd6 48. e4 dxe4 49. d5 Bd8 50. Qxe4 Kb7 51. Qb4 Ka7 52. Qc5 cxd5 53. Qxc7+ Bxc7 54. Rxc7+ Ka6 55. Nc8 Rde6 56. Rb1 Kxa5 57. Rc5+ Ka4 58. Rb2 Rc6 59. Rcb5 1-0

[Event "9th Amsterdam Science Park A 2019"]
[Site "Amsterdam"]
[Date "2019.07.09"]
[Round "4.8"]
[White "Floor, Dirk"]
[Black "De Ruiter, Danny"]
[Result "0-1"]
[ECO "A05"]
[WhiteElo "2184"]
[BlackElo "2310"]
[Annotator "NA"]
[PlyCount "98"]
[EventDate "2019.07.06"]
[EventType "swiss"]
[EventCountry "NED"]
[SourceTitle "playchess.com"]
[Source "ChessBase"]
[SourceQuality "1"]
[TimeControl "40/5400+30:1800+30"]

1. Nf3 Nf6 2. g3 e6 3. Bg2 d5 4. d4 c5 5. c4 dxc4 6. O-O Nc6 7. dxc5 Qxd1 8. Rxd1 Bxc5 9. Nbd2 c3 10. bxc3 O-O 11. Nb3 Be7 12. c4 Bd7 13. Bb2 Rfd8 14. Nfd4 Rac8 15. Nb5 Be8 16. c5 Nb4 17. Nd6 Bxd6 18. cxd6 Bc6 19. Bxf6 gxf6 20. Rd4 Nc2 21. Rg4+ Kf8 22. Rd1 Bxg2 23. Kxg2 b6 24. Rh4 Kg7 25. Ra4 a5 26. Nd4 Nb4 27. a3 Nd5 28. Nf5+ Kf8 29. Rxd5 exd5 30. Rh4 Ke8 31. Rxh7 Kd7 32. g4 Ke6 33. Rh3 Rc4 34. Re3+ Re4 35. Rg3 b5 36. h3 b4 37. axb4 axb4 38. Rb3 Rb8 39. Kg3 Kd7 40. e3 Rc4 41. Kf3 Rc3 42. Rb2 b3 43. Nd4 Kxd6 44. Ke2 Kc5 45. h4 Kc4 46. h5 Rc1 47. Kd2 Rg1 48. Nf5 Ra8 49. Nd6+ Kb4 0-1

[Event "9th Amsterdam Science Park A 2019"]
[Site "Amsterdam"]
[Date "2019.07.09"]
[Round "4.9"]
[White "Wunnink, Michael"]
[Black "De Jong, Tom"]
[Result "1/2-1/2"]
[ECO "A49"]
[WhiteElo "2214"]
[BlackElo "2176"]
[Annotator "NA"]
[PlyCount "52"]
[EventDate "2019.07.06"]
[EventType "swiss"]
[EventCountry "NED"]
[SourceTitle "playchess.com"]
[Source "ChessBase"]
[SourceQuality "1"]
[TimeControl "40/5400+30:1800+30"]

1. d4 Nf6 2. Nf3 g6 3. g3 Bg7 4. Bg2 O-O 5. O-O d6 6. b3 c5 7. Bb2 cxd4 8. Nxd4 d5 9. c4 dxc4 10. bxc4 Nc6 11. Nxc6 bxc6 12. Nd2 Qc7 13. Qa4 Bd7 14. Nb3 Rab8 15. Bc3 c5 16. Qa3 Rfc8 17. Rad1 Be6 18. Qc1 Nd7 19. Bxg7 Kxg7 20. Bd5 Bh3 21. Rfe1 Nf6 22. Qc3 Kg8 23. Bf3 Be6 24. e4 Rb4 25. Nd2 Qd8 26. Ra1 Ra8 1/2-1/2

[Event "9th Amsterdam Science Park A 2019"]
[Site "Amsterdam"]
[Date "2019.07.09"]
[Round "4.10"]
[White "Keuning, Selwin"]
[Black "Luberti, W.."]
[Result "1/2-1/2"]
[ECO "B06"]
[WhiteElo "2078"]
[BlackElo "2201"]
[Annotator "NA"]
[PlyCount "156"]
[EventDate "2019.07.06"]
[EventType "swiss"]
[EventCountry "NED"]
[SourceTitle "playchess.com"]
[Source "ChessBase"]
[SourceQuality "1"]
[TimeControl "40/5400+30:1800+30"]

1. e4 g6 2. d4 d6 3. Nf3 a6 4. a4 Bg7 5. Be2 Nf6 6. Nc3 O-O 7. O-O Nc6 8. d5 Nb4 9. h3 c6 10. a5 e6 11. Ra4 c5 12. Ne1 Bd7 13. Ra1 exd5 14. exd5 Re8 15. Be3 Qe7 16. Qd2 Qf8 17. Kh1 Rab8 18. Bf3 Qe7 19. Bg5 b6 20. axb6 Rxb6 21. Na4 Bxa4 22. Rxa4 Ne4 23. Bxe4 Qxe4 24. c3 Qc4 25. Kg1 Re2 26. Qd1 Re5 27. Nf3 Rxd5 28. Qe1 Qb5 29. Rxb4 cxb4 30. c4 Qd7 31. cxd5 Bxb2 32. Qe3 Rb8 33. Qe2 Bg7 34. Qxa6 b3 35. Qd3 b2 36. Nd2 Qb5 37. Qf3 Ra8 38. Nb1 Ra1 39. Qe4 Be5 40. g3 Ra4 41. Qc2 Rc4 42. Qd3 Qc5 43. Be3 Qc8 44. Kg2 h5 45. f4 Bf6 46. Re1 Rb4 47. Bf2 h4 48. Re4 Qf5 49. Re8+ Kg7 50. Qxf5 gxf5 51. Re1 hxg3 52. Kxg3 Kg6 53. Kf3 Kh5 54. Be3 Rb3 55. Rd1 Kh4 56. Ke2 Rb5 57. Rd3 Rb4 58. Bd2 Rb5 59. Be1+ Kh5 60. Bc3 Bxc3 61. Rxc3 Rxd5 62. Rb3 Kh4 63. Rxb2 Kxh3 64. Rd2 Rb5 65. Nc3 Rb3 66. Rd3+ Kg4 67. Ke3 Rb4 68. Nd5 Re4+ 69. Kf2 Ra4 70. Rg3+ Kh4 71. Rg5 Rxf4+ 72. Nxf4 Kxg5 73. Kf3 Kf6 74. Nd3 d5 75. Kf4 Ke6 76. Nc5+ Kd6 77. Nb3 Kc6 78. Nd4+ Kc5 {Ke4} 1/2-1/2

[Event "9th Amsterdam Science Park A 2019"]
[Site "Amsterdam"]
[Date "2019.07.09"]
[Round "4.11"]
[White "Dimitrijeski, Kristian"]
[Black "Spit, Vincent"]
[Result "1-0"]
[ECO "A57"]
[WhiteElo "2186"]
[BlackElo "2005"]
[Annotator "NA"]
[PlyCount "65"]
[EventDate "2019.07.06"]
[EventType "swiss"]
[EventCountry "NED"]
[SourceTitle "playchess.com"]
[Source "ChessBase"]
[SourceQuality "1"]
[TimeControl "40/5400+30:1800+30"]

1. d4 Nf6 2. c4 c5 3. d5 b5 4. cxb5 a6 5. e3 axb5 6. Bxb5 Qa5+ 7. Nc3 Bb7 8. Bd2 Qb6 9. Nf3 Nxd5 10. a4 e6 11. O-O Be7 12. Nxd5 Bxd5 13. Bc3 O-O 14. Ne5 Bf6 15. Qg4 Qd8 16. e4 Bb7 17. Rfd1 d5 18. exd5 exd5 19. Nd3 Bxc3 20. bxc3 Qb6 21. Nf4 Rd8 22. Qf5 Nc6 23. Nxd5 Rxd5 24. Qxd5 Nd4 25. Qg5 h6 26. Qg3 Nf5 27. Qg4 Qf6 28. Bd3 Nh4 29. Bf1 g5 30. Rab1 Bc6 31. Rb6 h5 32. Qxh5 Rxa4 33. Rb8+ 1-0

[Event "9th Amsterdam Science Park A 2019"]
[Site "Amsterdam"]
[Date "2019.07.09"]
[Round "4.12"]
[White "Bosboom, Manuel"]
[Black "Mienis, Dennis"]
[Result "1-0"]
[ECO "A06"]
[WhiteElo "2418"]
[BlackElo "1993"]
[Annotator "NA"]
[PlyCount "113"]
[EventDate "2019.07.06"]
[EventType "swiss"]
[EventCountry "NED"]
[SourceTitle "playchess.com"]
[Source "ChessBase"]
[SourceQuality "1"]
[TimeControl "40/5400+30:1800+30"]

1. Nf3 d5 2. c4 e6 3. a3 c5 4. e3 Nf6 5. d4 Nc6 6. dxc5 dxc4 7. Qc2 Qa5+ 8. Nbd2 c3 9. bxc3 Qxc5 10. Nb3 Qh5 11. Nbd4 Bc5 12. Rb1 Bb6 13. Rb5 Qg6 14. Qb3 h6 15. h4 Nd7 16. g4 Qxg4 17. Be2 Qe4 18. Rg1 Nc5 19. Qc4 Qd5 20. Qxd5 exd5 21. Rxg7 Kf8 22. Rg1 Ne4 23. Bb2 Nxd4 24. Nxd4 Nf6 25. Nf3 Rg8 26. Rxg8+ Nxg8 27. c4 dxc4 28. Ne5 Be6 29. Nxc4 Bd8 30. Rxb7 Bxh4 31. Bd4 Bd5 32. Rd7 Ne7 33. Rxa7 Rxa7 34. Bxa7 Nc6 35. Bc5+ Be7 36. Bxe7+ Kxe7 37. Nd2 Ne5 38. f4 Nd7 39. e4 Bc6 40. Kf2 Kd6 41. Ke3 f6 42. Kd4 Nb6 43. Nf1 Bd7 44. Ng3 Na8 45. Nh5 Ke7 46. Kc5 Nc7 47. f5 Ne8 48. Nf4 Ba4 49. Nd5+ Kd8 50. Bh5 Bc2 51. Kd4 Nd6 52. Nxf6 Nb5+ 53. Kc5 Nxa3 54. Bg6 Bd1 55. e5 Be2 56. e6 Nc4 57. Nd5 1-0

[Event "9th Amsterdam Science Park A 2019"]
[Site "Amsterdam"]
[Date "2019.07.10"]
[Round "5.1"]
[White "Ulybin, Mikhail"]
[Black "Arnaudov, G. Petar"]
[Result "1-0"]
[ECO "E04"]
[WhiteElo "2469"]
[BlackElo "2478"]
[Annotator "ChessBase"]
[PlyCount "53"]
[EventDate "2019.07.06"]
[EventType "swiss"]
[EventCountry "NED"]
[SourceTitle "playchess.com"]
[Source "ChessBase"]
[SourceQuality "1"]
[TimeControl "40/5400+30:1800+30"]

1. d4 d5 2. c4 e6 3. Nf3 Nf6 4. g3 dxc4 5. Bg2 Bd7 6. Ne5 Bc6 7. Nxc6 Nxc6 8. O-O Qd7 9. e3 Rd8 10. Qc2 e5 11. dxe5 Nxe5 12. Nd2 b5 13. a4 a6 14. axb5 axb5 15. b3 Bb4 16. bxc4 O-O 17. cxb5 Bxd2 18. Rd1 Qg4 19. Rxd2 Nf3+ 20. Bxf3 Qxf3 21. Qxc7 Rxd2 22. Bxd2 Qe2 23. Bb4 Ne4 24. Rf1 Re8 25. Qc6 Nf6 26. b6 Qa6 27. Rc1 1-0

[Event "9th Amsterdam Science Park A 2019"]
[Site "Amsterdam"]
[Date "2019.07.10"]
[Round "5.2"]
[White "Meshkovs, Nikita"]
[Black "De Groote, Ewoud"]
[Result "1-0"]
[ECO "A05"]
[WhiteElo "2550"]
[BlackElo "2225"]
[Annotator "ChessBase"]
[PlyCount "129"]
[EventDate "2019.07.06"]
[EventType "swiss"]
[EventCountry "NED"]
[SourceTitle "playchess.com"]
[Source "ChessBase"]
[SourceQuality "1"]
[TimeControl "40/5400+30:1800+30"]

1. Nf3 Nf6 2. g3 b5 3. Bg2 Bb7 4. Na3 a6 5. c4 e5 6. cxb5 Bxa3 7. bxa3 axb5 8. Qb3 Bd5 9. Qxb5 O-O 10. O-O d6 11. d3 c5 12. e4 Be6 13. Nh4 Ra5 14. Qb7 Qc8 15. Rb1 Nc6 16. f4 Nd4 17. fxe5 dxe5 18. Kh1 Bxa2 19. Qxc8 Rxc8 20. Rb6 Raa8 21. Nf3 Nxf3 22. Bxf3 c4 23. dxc4 Bxc4 24. Rd1 Be6 25. Bb2 h5 26. Rd2 Ra5 27. Kg1 Rc4 28. Rb4 Rcc5 29. Be2 Bd7 30. Bc4 Rc8 31. Bb3 Bc6 32. Rc2 Raa8 33. Bxe5 Nxe4 34. Rb6 Ng5 35. Bb2 Be8 36. Rxc8 Rxc8 37. Rg6 Rb8 38. Rxg7+ Kf8 39. Rxg5 Rxb3 40. Bf6 Bc6 41. Rc5 Bb7 42. Rxh5 Ke8 43. a4 Bc6 44. a5 Ra3 45. Rc5 Kd7 46. Be5 Be4 47. h4 Ra2 48. h5 Rg2+ 49. Kf1 Rh2 50. Bf4 f6 51. h6 Ke6 52. Ke1 Ra2 53. Bd2 Ra3 54. Bf4 Ra2 55. Rh5 Bh7 56. Kd1 Kf7 57. Rc5 Ke6 58. Rc6+ Kf5 59. Rc7 Bg6 60. h7 Rh2 61. a6 Bh5+ 62. Kc1 Bf3 63. Rg7 Be4 64. a7 Ke6 65. g4 1-0

[Event "9th Amsterdam Science Park A 2019"]
[Site "Amsterdam"]
[Date "2019.07.10"]
[Round "5.3"]
[White "De Ruiter, Danny"]
[Black "Gleizerov, Evgeny"]
[Result "0-1"]
[ECO "A90"]
[WhiteElo "2310"]
[BlackElo "2498"]
[Annotator "ChessBase"]
[PlyCount "54"]
[EventDate "2019.07.06"]
[EventType "swiss"]
[EventCountry "NED"]
[SourceTitle "playchess.com"]
[Source "ChessBase"]
[SourceQuality "1"]
[TimeControl "40/5400+30:1800+30"]

1. d4 e6 2. c4 f5 3. g3 Nf6 4. Bg2 d5 5. Nf3 Bd6 6. O-O c6 7. Nc3 O-O 8. Qc2 Ne4 9. Rb1 b6 10. b4 Bb7 11. c5 Bc7 12. Bf4 Bxf4 13. gxf4 Nd7 14. Nd1 g5 15. fxg5 Nxg5 16. Nxg5 Qxg5 17. Rb3 f4 18. Nb2 Rf6 19. Kh1 Rg6 20. Bh3 Kh8 21. Rf3 Rag8 22. Qc1 e5 23. e3 Qh5 24. Qd1 e4 25. Rg3 Qxd1 26. Rxd1 fxg3 27. Bxd7 gxf2 0-1

[Event "9th Amsterdam Science Park A 2019"]
[Site "Amsterdam"]
[Date "2019.07.10"]
[Round "5.4"]
[White "Ten Hertog, Hugo"]
[Black "Belous, Mikhail"]
[Result "1-0"]
[ECO "B90"]
[WhiteElo "2484"]
[BlackElo "2289"]
[Annotator "ChessBase"]
[PlyCount "93"]
[EventDate "2019.07.06"]
[EventType "swiss"]
[EventCountry "NED"]
[SourceTitle "playchess.com"]
[Source "ChessBase"]
[SourceQuality "1"]
[TimeControl "40/5400+30:1800+30"]

1. e4 c5 2. Nf3 d6 3. d4 cxd4 4. Nxd4 Nf6 5. Nc3 a6 6. Qe2 e5 7. Nf5 Bxf5 8. exf5 Nc6 9. Bg5 Nd4 10. Qd3 Rc8 11. g3 Be7 12. Bg2 Qd7 13. Bxf6 Bxf6 14. O-O Qxf5 15. Qxf5 Nxf5 16. Bxb7 Rb8 17. Bxa6 Nd4 18. Rab1 Nf3+ 19. Kg2 Nd2 20. b4 Nxb1 21. Rxb1 Kd7 22. Nd5 Bd8 23. a4 f5 24. c4 Bb6 25. Bb5+ Ke6 26. Nxb6 Rxb6 27. a5 Rb7 28. Bc6 Ra7 29. Ra1 Rc8 30. Bd5+ Kd7 31. b5 Rc5 32. Kf3 Kc8 33. Ke3 Kb8 34. Kd3 g5 35. Kc3 Rc8 36. Kb4 Rc5 37. f3 e4 38. fxe4 fxe4 39. b6 Ra6 40. Rf1 e3 41. Rf8+ Rc8 42. Rxc8+ Kxc8 43. Bf3 Kd7 44. Kb5 Ra8 45. Bg4+ Ke7 46. b7 Rf8 47. Kc6 1-0

[Event "9th Amsterdam Science Park A 2019"]
[Site "Amsterdam"]
[Date "2019.07.10"]
[Round "5.5"]
[White "Dimitrijeski, Kristian"]
[Black "Zwirs, Nico"]
[Result "0-1"]
[ECO "B14"]
[WhiteElo "2186"]
[BlackElo "2380"]
[Annotator "NA"]
[PlyCount "66"]
[EventDate "2019.07.06"]
[EventType "swiss"]
[EventCountry "NED"]
[SourceTitle "playchess.com"]
[Source "ChessBase"]
[SourceQuality "1"]
[TimeControl "40/5400+30:1800+30"]

1. d4 Nf6 2. c4 c5 3. e3 cxd4 4. exd4 d5 5. Nc3 g6 6. cxd5 Nxd5 7. Qb3 Nb6 8. Nf3 Be6 9. Bb5+ Nc6 10. Qd1 Bg7 11. O-O O-O 12. Be3 Rc8 13. Rc1 Bc4 14. Re1 Bxb5 15. Nxb5 Nd5 16. Nc3 Nxe3 17. fxe3 e6 18. Qe2 e5 19. d5 e4 20. dxc6 exf3 21. Qxf3 Rxc6 22. Nd5 Rxc1 23. Rxc1 Bxb2 24. Rb1 Be5 25. Rxb7 Qa5 26. Nb4 Bd6 27. Qe4 Qh5 28. g3 Qd1+ 29. Kg2 Qe2+ 30. Kh3 Qf1+ 31. Qg2 Qf5+ 32. g4 Qg5 33. Qg1 Re8 0-1

[Event "9th Amsterdam Science Park A 2019"]
[Site "Amsterdam"]
[Date "2019.07.10"]
[Round "5.6"]
[White "Van der Lende, Ilias"]
[Black "Smirnova, Ekaterina"]
[Result "1-0"]
[ECO "A11"]
[WhiteElo "2350"]
[BlackElo "2184"]
[Annotator "NA"]
[PlyCount "89"]
[EventDate "2019.07.06"]
[EventType "swiss"]
[EventCountry "NED"]
[SourceTitle "playchess.com"]
[Source "ChessBase"]
[SourceQuality "1"]
[TimeControl "40/5400+30:1800+30"]

1. c4 c6 2. e4 e6 3. d4 d5 4. Nc3 dxe4 5. Nxe4 Bb4+ 6. Bd2 Bxd2+ 7. Qxd2 Nf6 8. Nc3 O-O 9. Nf3 Nbd7 10. g3 b5 11. cxb5 cxb5 12. Bxb5 Bb7 13. Be2 Qa5 14. O-O Qf5 15. Nh4 Qh3 16. f3 e5 17. d5 Nb6 18. Bd3 Qd7 19. Nf5 Nfxd5 20. Rad1 Nxc3 21. bxc3 Qe6 22. Qg5 Qf6 23. Qxf6 gxf6 24. c4 Na4 25. Be4 Bxe4 26. fxe4 Nc3 27. Rde1 Nxa2 28. c5 Nb4 29. Ne7+ Kg7 30. c6 Rae8 31. Nf5+ Kh8 32. Rc1 Rc8 33. c7 Na6 34. Rc6 Nxc7 35. Ne7 Ra8 36. Rxc7 a5 37. Ra1 Rfb8 38. Ra4 Rb1+ 39. Kg2 Rb2+ 40. Kh3 h5 41. Nf5 Kg8 42. Nh6+ Kg7 43. Nxf7 Kg6 44. Nd6 Re2 45. Nf5 1-0

[Event "9th Amsterdam Science Park A 2019"]
[Site "Amsterdam"]
[Date "2019.07.10"]
[Round "5.7"]
[White "Mesman, Edwyn"]
[Black "Bosboom, Manuel"]
[Result "0-1"]
[ECO "E68"]
[WhiteElo "2204"]
[BlackElo "2418"]
[Annotator "NA"]
[PlyCount "118"]
[EventDate "2019.07.06"]
[EventType "swiss"]
[EventCountry "NED"]
[SourceTitle "playchess.com"]
[Source "ChessBase"]
[SourceQuality "1"]
[TimeControl "40/5400+30:1800+30"]

1. d4 Nf6 2. c4 d6 3. Nf3 Nbd7 4. g3 g6 5. Bg2 Bg7 6. O-O O-O 7. Nc3 e5 8. e4 exd4 9. Nxd4 c6 10. h3 Qa5 11. Re1 Re8 12. Be3 Ne5 13. Bf1 Be6 14. Nxe6 Rxe6 15. Kg2 Rae8 16. c5 b5 17. cxd6 Ned7 18. f3 Bf8 19. Qc2 Bxd6 20. Ne2 c5 21. Red1 Qb6 22. Rac1 Qb7 23. Rd2 Nxe4 24. fxe4 Rxe4 25. Kg1 Rxe3 26. Rxd6 c4 27. Rcd1 Ne5 28. b3 Nf3+ 29. Kf2 Ng5 30. Rd8 Rxe2+ 31. Qxe2 Qb6+ 32. Kg2 Rxd8 33. Rxd8+ Qxd8 34. bxc4 b4 35. Kh2 a5 36. Bg2 a4 37. Qc2 Qa5 38. Bc6 b3 39. axb3 a3 40. Qa2 Ne6 41. Bd5 Nc5 42. Kg2 Qa7 43. b4 Nd3 44. b5 Qd4 45. Qxa3 Qf2+ 46. Kh1 Qxg3 47. Qa8+ Kg7 48. Bg2 Nf2+ 49. Kg1 Nxh3+ 50. Kh1 Nf2+ 51. Kg1 Ng4 52. Qe4 Qf2+ 53. Kh1 h5 54. Qe7 Qg3 55. Kg1 Qf2+ 56. Kh1 Qf4 57. Kg1 Qd4+ 58. Kh1 Qa1+ 59. Bf1 Qxf1# 0-1

[Event "9th Amsterdam Science Park A 2019"]
[Site "Amsterdam"]
[Date "2019.07.10"]
[Round "5.8"]
[White "De Jong, Tom"]
[Black "Tirelli, Mauro"]
[Result "0-1"]
[ECO "B31"]
[WhiteElo "2176"]
[BlackElo "2247"]
[Annotator "NA"]
[PlyCount "90"]
[EventDate "2019.07.06"]
[EventType "swiss"]
[EventCountry "NED"]
[SourceTitle "playchess.com"]
[Source "ChessBase"]
[SourceQuality "1"]
[TimeControl "40/5400+30:1800+30"]

1. e4 c5 2. Nf3 Nc6 3. Bb5 g6 4. Bxc6 dxc6 5. d3 Bg7 6. h3 Nf6 7. Nc3 Nd7 8. Be3 e5 9. Qd2 h6 10. O-O Qe7 11. Nh2 Nf8 12. f4 exf4 13. Bxf4 Be6 14. e5 g5 15. Bg3 Ng6 16. Rae1 O-O-O 17. Nf3 Kb8 18. Ne4 Ka8 19. a4 g4 20. hxg4 Bxg4 21. Nd6 Rhf8 22. Nc4 Rd5 23. Nh2 Be6 24. a5 h5 25. Nf3 h4 26. Bh2 h3 27. g3 Rh8 28. Ra1 Kb8 29. Kh1 Rdd8 30. Qc3 Bd5 31. Rae1 Nf8 32. Kg1 Ne6 33. g4 Rhg8 34. Nb6 Bh6 35. Nxd5 Rxg4+ 36. Kh1 cxd5 37. a6 b6 38. Rg1 Rdg8 39. d4 Rg2 40. dxc5 Qxc5 41. Qd3 R8g7 42. c3 Bf4 43. Bxf4 Nxf4 44. Qe3 Nh5 45. Rxg2 Rxg2 0-1

[Event "9th Amsterdam Science Park A 2019"]
[Site "Amsterdam"]
[Date "2019.07.10"]
[Round "5.9"]
[White "Elgersma, Onno"]
[Black "Van Baar, Esper"]
[Result "1-0"]
[ECO "B51"]
[WhiteElo "2232"]
[BlackElo "2108"]
[Annotator "NA"]
[PlyCount "63"]
[EventDate "2019.07.06"]
[EventType "swiss"]
[EventCountry "NED"]
[SourceTitle "playchess.com"]
[Source "ChessBase"]
[SourceQuality "1"]
[TimeControl "40/5400+30:1800+30"]

1. e4 c5 2. Nf3 d6 3. Bb5+ Nd7 4. d4 cxd4 5. Qxd4 a6 6. Bxd7+ Bxd7 7. Nc3 e5 8. Qd3 h6 9. Nd2 Nf6 10. Nc4 Be6 11. a4 Rc8 12. Ne3 Be7 13. O-O O-O 14. a5 Qc7 15. Rd1 Rfd8 16. Qe2 Qc5 17. Qf3 Re8 18. Bd2 Bd8 19. Nf5 Bxf5 20. Qxf5 Bxa5 21. Ra3 Bb4 22. Rb3 Re6 23. h4 a5 24. h5 Rc6 25. Qf3 Qc4 26. Nd5 Bxd2 27. Rxd2 Nxe4 28. Rxb7 Ng5 29. Qf5 Qa6 30. Rb8+ Rc8 31. Rxc8+ Qxc8 32. Ne7+ 1-0

[Event "9th Amsterdam Science Park A 2019"]
[Site "Amsterdam"]
[Date "2019.07.10"]
[Round "5.10"]
[White "Baarslag, Ed"]
[Black "Keuning, Selwin"]
[Result "1/2-1/2"]
[ECO "A46"]
[WhiteElo "2220"]
[BlackElo "2078"]
[Annotator "NA"]
[PlyCount "76"]
[EventDate "2019.07.06"]
[EventType "swiss"]
[EventCountry "NED"]
[SourceTitle "playchess.com"]
[Source "ChessBase"]
[SourceQuality "1"]
[TimeControl "40/5400+30:1800+30"]

1. d4 Nf6 2. Nf3 e6 3. Bf4 c5 4. e3 Nc6 5. Nbd2 d5 6. c3 Be7 7. h3 O-O 8. Bd3 b6 9. Qe2 Bb7 10. Rd1 Bd6 11. Bxd6 Qxd6 12. e4 dxe4 13. Nxe4 Nxe4 14. Bxe4 Qe7 15. dxc5 Qxc5 16. Rd7 Rab8 17. O-O a5 18. Rfd1 Bc8 19. Bxc6 Qxc6 20. Ne5 Qc5 21. Rd8 g6 22. R1d4 Ba6 23. Rxf8+ Rxf8 24. Qe3 Bb5 25. a4 Be8 26. b4 Qc7 27. Ng4 Qe7 28. b5 f6 29. Qd3 e5 30. Rd6 f5 31. Qd5+ Bf7 32. Nh6+ Kg7 33. Nxf7 Rxf7 34. Re6 Qg5 35. Qxe5+ Kh6 36. Rxb6 Re7 37. Re6 Rxe6 38. Qxe6 Qc1+ 1/2-1/2

[Event "9th Amsterdam Science Park A 2019"]
[Site "Amsterdam"]
[Date "2019.07.10"]
[Round "5.11"]
[White "Luberti, W.."]
[Black "Wunnink, Michael"]
[Result "0-1"]
[ECO "A00"]
[WhiteElo "2201"]
[BlackElo "2214"]
[Annotator "NA"]
[PlyCount "82"]
[EventDate "2019.07.06"]
[EventType "swiss"]
[EventCountry "NED"]
[SourceTitle "playchess.com"]
[Source "ChessBase"]
[SourceQuality "1"]
[TimeControl "40/5400+30:1800+30"]

1. g3 d5 2. Bg2 Nf6 3. f4 e6 4. Nf3 Be7 5. O-O O-O 6. d3 b5 7. a4 b4 8. c4 bxc3 9. Nxc3 Nc6 10. Ne5 Nb4 11. Bd2 Bb7 12. a5 a6 13. Qa4 Rb8 14. Rfc1 c5 15. Nd1 Ba8 16. Nf2 Rb5 17. d4 Nc6 18. Nxc6 Bxc6 19. Bc3 c4 20. g4 Qc7 21. e3 Rxb2 22. Qd1 Rb3 23. g5 Ne8 24. Qg4 Nd6 25. h4 Nb5 26. Nd1 Ba3 27. Rxa3 Nxa3 28. h5 Rfb8 29. g6 Rb1 30. Bd2 Rxc1 31. gxh7+ Kxh7 32. Bxc1 Qxa5 33. f5 Bd7 34. e4 Rb1 35. h6 g6 36. fxg6+ fxg6 37. Qh4 Rxc1 38. Qe7+ Kxh6 39. Qf8+ Kg5 40. Qe7+ Kg4 41. Kh2 Qd2 0-1

[Event "9th Amsterdam Science Park A 2019"]
[Site "Amsterdam"]
[Date "2019.07.10"]
[Round "5.12"]
[White "De Rover, Yong Hoon"]
[Black "Cornelisse, Ticho"]
[Result "1-0"]
[ECO "A48"]
[WhiteElo "2391"]
[BlackElo "2067"]
[Annotator "NA"]
[PlyCount "71"]
[EventDate "2019.07.06"]
[EventType "swiss"]
[EventCountry "NED"]
[SourceTitle "playchess.com"]
[Source "ChessBase"]
[SourceQuality "1"]
[TimeControl "40/5400+30:1800+30"]

1. Nf3 g6 2. d4 Nf6 3. c4 Bg7 4. g3 O-O 5. Bg2 c5 6. O-O cxd4 7. Nxd4 Nc6 8. Nc3 Nxd4 9. Qxd4 d6 10. Qd3 Rb8 11. Be3 b6 12. Bd4 Bd7 13. Rfd1 Qe8 14. b3 Bc6 15. e4 a6 16. Rac1 Qd7 17. Qe2 Qb7 18. Nd5 Bxd5 19. cxd5 b5 20. Qb2 Rfc8 21. Bh3 Rxc1 22. Rxc1 Ne8 23. Rc6 e6 24. Bxg7 exd5 25. exd5 Nxg7 26. Rxd6 Qe7 27. Rxa6 Qe1+ 28. Bf1 Nf5 29. Qe2 Qa1 30. Qd3 Nd4 31. d6 Rd8 32. Kg2 Qb2 33. Qe4 Qd2 34. Ra8 Rxa8 35. Qxa8+ Kg7 36. Qd5 1-0

[Event "9th Amsterdam Science Park A 2019"]
[Site "Amsterdam"]
[Date "2019.07.11"]
[Round "6.1"]
[White "Meshkovs, Nikita"]
[Black "Ulybin, Mikhail"]
[Result "0-1"]
[ECO "A31"]
[WhiteElo "2550"]
[BlackElo "2469"]
[Annotator "RC"]
[PlyCount "80"]
[EventDate "2019.07.06"]
[EventType "swiss"]
[EventCountry "NED"]
[TimeControl "40/5400+30:1800+30"]

1. Nf3 Nf6 2. c4 c5 3. d4 cxd4 4. Nxd4 d5 5. cxd5 Nxd5 6. e4 Nf6 7. Nc3 e5 8. Ndb5 a6 9. Qxd8+ Kxd8 10. Na3 Be6 11. Nc4 Nbd7 12. Bg5 Rc8 13. Bxf6+ gxf6 14. Nd5 f5 15. Rd1 fxe4 16. a3 Bc5 17. Nf6 Bd4 18. Nxd7 Bxd7 19. Nd6 Rc2 20. Rd2 Rc1+ 21. Rd1 Rc2 22. Rd2 Rc1+ 23. Rd1 Rxd1+ 24. Kxd1 Ke7 25. Nxe4 Bxb2 26. Nc5 Bc6 27. Nd3 Rd8 28. Kc2 Bxa3 29. Nxe5 Ba4+ 30. Kc3 Rd1 31. g3 Rc1+ 32. Kd2 Rc2+ 33. Kd3 Rxf2 34. Nc4 Bc5 35. Bh3 Bb5 36. Re1+ Kf8 37. Bc8 Rxh2 38. Bxb7 Rh3 39. Re5 Rxg3+ 40. Kc2 Bd4 0-1

[Event "9th Amsterdam Science Park A 2019"]
[Site "Amsterdam"]
[Date "2019.07.11"]
[Round "6.3"]
[White "Zwirs, Nico"]
[Black "Van der Lende, Ilias"]
[Result "1/2-1/2"]
[ECO "C16"]
[WhiteElo "2380"]
[BlackElo "2350"]
[Annotator "NA"]
[PlyCount "58"]
[EventDate "2019.07.06"]
[EventType "swiss"]
[EventCountry "NED"]
[SourceTitle "playchess.com"]
[Source "ChessBase"]
[SourceQuality "1"]
[TimeControl "40/5400+30:1800+30"]

1. e4 e6 2. d4 d5 3. Nc3 Bb4 4. e5 Qd7 5. Qg4 f5 6. Qg3 b6 7. Bd2 Ba6 8. Nge2 Nc6 9. a3 Bxc3 10. Bxc3 Nh6 11. Bd2 Bxe2 12. Bxe2 Nxd4 13. Bxh6 gxh6 14. Bh5+ Kf8 15. O-O-O c5 16. Qf4 Qg7 17. h4 Ke7 18. Rh3 Qg6 19. Bf3 Nxf3 20. gxf3 Rhg8 21. Rg3 Qf7 22. Rdg1 Rxg3 23. Rxg3 Rg8 24. Qxh6 Rg6 25. Qf4 a5 26. b4 axb4 27. axb4 Qe8 28. bxc5 bxc5 29. Qe3 Qb5 1/2-1/2